 Dungeon Sprint DCSS version 0.21.1-1-g345015f (webtiles) character file.

3259 doot the Carver (level 9, -3/85 HPs)
             Began as a Minotaur Warper on June 7, 2018.
             Was a High Priest of Okawaru.
             Slain by a fire elemental (6 damage)
             ... in the Dungeon (Sprint V: "Ziggurat Sprint").
             The game lasted 00:05:34 (603 turns).

doot the Carver (Minotaur Warper)                    Turns: 603, Time: 00:05:34

Health: -3/85      AC: 30    Str: 24    XL:     9   Next: 68%
Magic:  16/16      EV:  5    Int: 10    God:    Okawaru [*****.]
Gold:   0          SH: 24    Dex: 17    Spells: 19/19 levels left

rFire    . . .     SeeInvis .   P - +7 Screaming Sword
rCold    . . .     Gourm    .   s - +5 large shield
rNeg     + . .     Faith    .   k - +7 crystal plate armour
rPois    .         Spirit   .   (helmet restricted)
rElec    .         Reflect  .   (no cloak)
rCorr    .         Harm     .   U - +2 pair of gloves {archery}
MR       .....     NoTele   +   (no boots)
Stlth    ..........             a - macabre finger necklace {rN+}
HPRegen  0.24/turn              K - +6 ring of strength
MPRegen  0.15/turn              G - +6 ring of dexterity
                                (no ring)

@: no status effects
A: retaliatory headbutt, horns 2
a: Heroism, Finesse, Renounce Religion


You were in the Dungeon.
You worshipped Okawaru.
Okawaru was extremely pleased with you.
You were not hungry.

You visited 1 branch

Inventory:

Hand Weapons
 P - the +7 Screaming Sword (weapon)
   (You found it in the Dungeon)
Missiles
 d - 5 tomahawks of dispersal (quivered)
 Q - 1000 arrows
 R - 1000 bolts
 S - 2 silver tomahawks
Armour
 k - a +7 crystal plate armour (worn)
 l - +5 fire dragon scales
 m - +5 gold dragon scales
 n - +5 ice dragon scales
 o - a +5 plate armour
 p - +5 shadow dragon scales
 q - +5 storm dragon scales
 r - a +3 buckler
 s - a +5 large shield (worn)
 t - a +3 shield
 U - a +2 pair of gloves of archery (worn)
Jewellery
 a - the macabre finger necklace (around neck) {rN+}
   (You found it in the Dungeon)

   [amulet of nothing]

   It protects you from negative energy.
 G - a +6 ring of dexterity (right hand)
 H - a +6 ring of dexterity
 I - a +6 ring of intelligence
 J - a +6 ring of intelligence
 K - a +6 ring of strength (left hand)
 L - a +6 ring of strength
 X - the ring "Voanu" {rElec AC+4 Int+2}
   (You found it in the Dungeon)

   [ring of protection]

   It affects your AC (+4).
   It affects your intelligence (+2).
   It insulates you from electricity.
 Z - an uncursed ring of magical power
Wands
 M - a wand of disintegration (7)
 N - a wand of iceblast (7)
 O - a wand of acid (7)
Scrolls
 c - 5 scrolls of blinking
 y - 4 scrolls of amnesia
 B - 7 scrolls of fog
 C - a scroll of holy word
 D - 5 scrolls of identify
 E - 5 scrolls of remove curse
 F - 2 scrolls of fear
 Y - a scroll of brand weapon
Potions
 e - 10 potions of curing
 g - 9 potions of heal wounds
 h - 9 potions of haste
 i - 7 potions of magic
 j - 2 potions of berserk rage
 u - 2 potions of brilliance
 v - 2 potions of invisibility
 w - 4 potions of resistance
 x - a potion of experience
 z - 5 potions of agility
 A - 5 potions of might
Books
 b - a book of Spatial Translocations

   Spells                             Type                      Level
   a - Blink                          Translocation                2
   b - Shroud of Golubria             Charms/Translocation         2
   c - Lesser Beckoning               Translocation                3
   d - Gell's Gravitas                Translocation                3
   e - Teleport Other                 Translocation                3
   f - Passage of Golubria            Translocation                4
 V - a book of Frost

   Spells                             Type                      Level
   a - Freeze                         Ice                          1
   b - Throw Frost                    Conjuration/Ice              2
   c - Ozocubu's Armour               Charms/Ice                   3
   d - Throw Icicle                   Conjuration/Ice              4
   e - Summon Ice Beast               Ice/Summoning                4
 W - a book of Cantrips

   Spells                             Type                      Level
   a - Confusing Touch                Hexes                        1
   b - Animate Skeleton               Necromancy                   1
   c - Summon Small Mammal            Summoning                    1
   d - Apportation                    Translocation                1
Miscellaneous
 T - a lamp of fire
Comestibles
 f - 7 rations


   Skills:
 + Level 10.2 Fighting
 + Level 13.2 Long Blades
 + Level 2.3 Throwing
 + Level 10.2 Armour
 + Level 6.6 Dodging
 + Level 12.4 Shields
 + Level 6.5 Unarmed Combat
 + Level 5.6 Spellcasting
   Level 2.1 Translocations


You had 19 spell levels left.
You didn't know any spells.

Dungeon Overview and Level Annotations

Branches:
Dungeon (1/1)

Altars:
Ashenzari
Cheibriados
Dithmenos
Elyvilon
Fedhas
Gozag
Hepliaklqana
Kikubaaqudgha
Makhleb
Nemelex Xobeh
Okawaru
Qazlal
Ru
Sif Muna
Trog
Uskayaw
Vehumet
Wu Jian
Xom
Yredelemnul
Zin
The Shining One
Beogh
Jiyva
Lugonu


Innate Abilities, Weirdness & Mutations

You reflexively headbutt those who attack you in melee.
You have a pair of horns on your head.


Message History

The hell hog resists.
You fail to use your ability.
The Screaming Sword clamours, "Aah!
This piece of skin is stuck to me.
Wipe it off!"
The hell hog, the fire vortex and the fire elemental are hurt by the noise.
The hell hog bites you.
* * * LOW HITPOINT WARNING * * *
You block the fire elemental's attack. You block the hell hog's attack.
The fire elemental hits you. The fire elemental burns you!
* * * LOW HITPOINT WARNING * * *
You feel much better.
The Screaming Sword chimes harmoniously.
The hell hog, the fire vortex and the fire elemental are hurt by the noise.
The hell hog breathes fire at you.
The fireball explodes!
The fireball engulfs you!
* * * LOW HITPOINT WARNING * * *
The fireball engulfs the fire elemental.
The fire elemental completely resists.
The fireball engulfs the hell hog.
The hell hog resists.
The fire elemental hits you. The fire elemental burns you!
You die...

▓..)}:..▓
▓..):}..▓
▓....v..▓
▓....§..▓
▓...§...▓
▓..§....▓
▓h▓...▓.▓
▓@E.©...▓
▓▓▓▓▓▓▓▓▓


You could see a hell hog, a fire elemental and a fire vortex.

Vanquished Creatures
  5 draconians (D)
  2 polar bears (D)
  2 fire elementals (D)
  4 insubstantial wisps (D)
  A hell hound (D)
  A crimson imp (D)
  2 orc wizards (D)
  A shadow imp (D)
  2 ufetubi (D)
  An adder simulacrum (D)
21 creatures vanquished.

Vanquished Creatures (others)
  3 spatial maelstroms (D)
3 creatures vanquished.

Grand Total: 24 creatures vanquished

Notes
Turn   | Place    | Note
-------+----------+-------------------------------------------
     0 | D        | Found the +6 Majin-Bo {vamp, Archmagi MP+6 Int+6}
     0 | D        | Found the +7 great mace "Firestarter" {inner flame, rF++}
     0 | D        | doot the Minotaur Warper began the quest for the Orb.
     0 | D        | Reached XP level 1. HP: 18/18 MP: 1/1
     2 | D        | Banished a spatial maelstrom
     3 | D        | Found a blossoming altar of Fedhas.
     4 | D        | Banished a spatial maelstrom
     7 | D        | Found a deep blue altar of Sif Muna.
     7 | D        | Found a sacrificial altar of Ru.
     7 | D        | Found a bloodstained altar of Trog.
     7 | D        | Found a stormy altar of Qazlal.
     7 | D        | Found an iron altar of Okawaru.
     7 | D        | Found a sparkling altar of Nemelex Xobeh.
     7 | D        | Banished a spatial maelstrom
     9 | D        | Found a transporter.
     9 | D        | Found an ancient bone altar of Kikubaaqudgha.
     9 | D        | Found a viscous altar of Jiyva.
     9 | D        | Found a corrupted altar of Lugonu.
     9 | D        | Found a hazy altar of Hepliaklqana.
     9 | D        | Found a burning altar of Makhleb.
     9 | D        | Found an opulent altar of Gozag.
    57 | D        | Found the +9 heavy crossbow "Sniper" {velocity, Acc+∞ SInv}
    57 | D        | Found the +10 dark maul {crush}
    57 | D        | Found the +15 Maxwell's patent armour {-Cast -Tele rElec MR+ rCorr}
    57 | D        | Found the +18 shield of the Gong {rElec rN+ MR+ EV-5}
    57 | D        | Found the cursed +14 obsidian axe {chop, +Fly SInv *Curse}
    58 | D        | Found the +6 shillelagh "Devastator" {shatter}
    58 | D        | Found the +11 plutonium sword {*Contam Stlth-}
    58 | D        | Found the +8 lance "Wyrmbane" {slay drac, rPois rF+ rC+ AC+3}
    58 | D        | Found the +9 sword of Zonguldrok {reap}
    58 | D        | Found the cursed +13 scythe of Curses {drain, *Curse}
    58 | D        | Found the +0 sword of Power
    58 | D        | Found the +8 mace of Variability {chaos}
    58 | D        | Found the +7 Singing Sword
    58 | D        | Found the +7 longbow "Piercer" {penet, EV-2}
    71 | D        | Became a worshipper of Warmaster Okawaru
    89 | D        | Entered arena 2.
    89 | D        | Noticed an orc wizard
    89 | D        | Noticed an orc wizard
    89 | D        | Found a transporter.
    93 | D        | Killed an orc wizard
    93 | D        | Reached skill level 1 in Long Blades
    93 | D        | Reached XP level 2. HP: 27/27 MP: 1/4
    95 | D        | Reached XP level 3. HP: 34/34 MP: 1/6
   144 | D        | Entered arena 3.
   144 | D        | Noticed a polar bear
   144 | D        | Noticed a polar bear
   144 | D        | Found a transporter.
   157 | D        | Killed a polar bear
   157 | D        | Reached * piety under Okawaru
   157 | D        | Reached ** piety under Okawaru
   157 | D        | Reached skill level 4 in Long Blades
   157 | D        | Reached skill level 5 in Dodging
   157 | D        | Reached skill level 5 in Unarmed Combat
   157 | D        | Reached XP level 4. HP: 4/45 MP: 7/9
   157 | D        | Reached XP level 5. HP: 5/51 MP: 7/10
   157 | D        | Reached XP level 6. HP: 6/58 MP: 7/11
   160 | D        | Killed a polar bear
   160 | D        | Reached skill level 6 in Long Blades
   160 | D        | Reached skill level 5 in Armour
   160 | D        | Reached skill level 5 in Shields
   160 | D        | Reached skill level 5 in Spellcasting
   431 | D        | Entered arena 4.
   431 | D        | Found a transporter.
   437 | D        | Reached XP level 7. HP: 61/66 MP: 13/13
   463 | D        | Entered arena 5.
   463 | D        | Found a transporter.
   464 | D        | Found the macabre finger necklace {rN+}
   470 | D        | Reached skill level 7 in Long Blades
   477 | D        | Reached skill level 8 in Long Blades
   481 | D        | Reached *** piety under Okawaru
   485 | D        | Got the ring "Voanu" {rElec AC+4 Int+2}
   535 | D        | Entered arena 6.
   535 | D        | Noticed a draconian
   535 | D        | Noticed a draconian
   535 | D        | Noticed a draconian
   535 | D        | Noticed a draconian
   535 | D        | Noticed a draconian
   535 | D        | Found a transporter.
   547 | D        | Killed a draconian
   547 | D        | Received a gift from Okawaru
   547 | D        | Reached skill level 10 in Long Blades
   547 | D        | Reached XP level 8. HP: 76/78 MP: 15/15
   552 | D        | Killed a draconian
   559 | D        | Killed a draconian
   559 | D        | Reached skill level 11 in Long Blades
   559 | D        | Reached skill level 10 in Shields
   559 | D        | Reached XP level 9. HP: 83/84 MP: 16/16
   563 | D        | Killed a draconian
   563 | D        | Reached **** piety under Okawaru
   563 | D        | Reached skill level 12 in Long Blades
   569 | D        | Killed a draconian
   569 | D        | Reached skill level 10 in Fighting
   569 | D        | Reached skill level 10 in Armour
   593 | D        | Entered arena 7.
   593 | D        | Noticed a hell hog
   598 | D        | Reached ***** piety under Okawaru
   599 | D        | Reached skill level 13 in Long Blades
   603 | D        | HP: 3/85 [hell hog/fireball (24)]
   603 | D        | Slain by a fire elemental

Skill      XL: |  1  2  3  4  5  6  7  8  9 |
---------------+----------------------------+-----
Fighting       | 3 4 6 7 9 10 | 10.2
Long Blades    | 1 4 6 10 11 13 | 13.2
Dodging        | 3 4 5 6 |  6.6
Unarmed Combat | 3 4 5 6 |  6.5
Spellcasting   | 2 3 4 5 |  5.6
Throwing       | 2 |  2.3
Armour         | 4 6 8 9 10 | 10.2
Shields        | 3 5 8 10 12 | 12.4
Translocations | |  2.1

Action                   |  1- 3 |  4- 6 |  7- 9 || total
-------------------------+-------+-------+-------++-------
Melee: Double sword      |    15 |     8 |    49 ||    72
       Headbutt          |     1 |     2 |    15 ||    18
  Use: Potion            |     1 |       |     1 ||     2
       Scroll            |       |       |     4 ||     4
Armor: Crystal plate arm |    29 |     5 |    34 ||    68
Dodge: Dodged            |     3 |     1 |     5 ||     9
Block: Large shield      |    23 |    11 |    65 ||    99
       Rpst.: Double sword |     1 |       |     2 ||     3
